Map: Orbital Shipyard

Players

TomikuS - Winner!

  • Race: Zerg Zerg
  • League: Grandmaster

EZWarlordz

  • Race: Protoss Protoss
  • League: Master

Event: Lycan League Weekly August #2

VOD

Have the link to the VOD?

Description

Time

  • Played on: Aug. 10, 2015, 12:17 p.m.
  • Length: 10:12

All games in this series

Show
View Real Time Build Order
Export as new Build Order

TomikuS Zerg - Winner!

Build Orders: Hatch First 

Get SALT Encoding   

  12  0:01  Drone  
  13  0:13  Overlord  
  13  0:19  Drone  
  14  0:31  Drone x2  
  16  0:37  Drone  
  17  0:55  Hatchery  
  16  1:01  Drone x2  
  18  1:12  Spawning Pool  
  18  1:16  Drone  
  18  1:22  Overlord  
  18  1:30  Drone, Extractor  
  18  1:42  Drone  
  19  1:54  Drone  
  19  2:01  Zergling x2  
  21  2:07  Queen x2  
  21  2:08  Drone  
  26  2:13  Drone  
  27  2:28  Overlord  
  27  2:40  Metabolic Boost  
  27  2:42  Queen x2  
  31  2:47  Drone x5  
  36  2:54  Drone  
  37  3:06  Hatchery  
  37  3:10  Overlord  
  37  3:12  Drone  
  36  3:24  Drone x7  
  43  3:35  Overlord, Zergling x4  
  43  3:36  Zergling x2  
  46  3:43  Extractor  
  46  3:46  Extractor  
  46  3:47  Overlord  
  44  3:53  Drone x3  
  44  3:54  Drone x3  
  50  3:59  Roach Warren  
  49  4:04  Zergling x8  
  49  4:05  Zergling x2  
  54  4:24  Lair  
  54  4:26  Drone x4, Extractor  
  57  4:38  Drone x7  
  64  4:48  Spore Crawler  
  64  4:50  Spore Crawler  
  59  5:00  Spore Crawler  
  59  5:04  Overlord x2  
  60  5:07  Drone x11  
  69  5:26  Hydralisk Den  
  66  5:30  Extractor x2  
  66  5:33  Drone x10  
  72  5:42  Glial Reconstitution  
  72  5:45  Evolution Chamber, Zergling x18  
  72  5:47  Zergling x2  
  81  5:57  Muscular Augments  
  81  6:06  Overlord x3  
  81  6:20  Zerg Missile Weapons Level 1  
  81  6:22  Overlord  
  81  6:24  Hydralisk  
  81  6:25  Hydralisk x4, Infestation Pit  
  83  6:28  Hatchery  
  89  6:41  Hydralisk  
  89  6:42  Hydralisk x6  
  89  6:46  Hydralisk  
  103  6:47  Hydralisk  
  103  6:57  Hydralisk  
  103  6:58  Hydralisk x3  
  103  7:01  Hydralisk  
  101  7:02  Zergling x4  
  101  7:04  Hydralisk  
  101  7:05  Zergling x4  
  101  7:06  Zergling x2  
  91  7:21  Hydralisk x3  
  91  7:22  Zergling x4  
  94  7:23  Zergling x16  
  94  7:26  Hydralisk  
  93  7:48  Hive  
  93  7:51  Roach x6  
  103  7:53  Overlord x2  
  105  8:03  Lurker Den  
  105  8:11  Overlord x2  
  105  8:12  Queen x2  
  109  8:16  Ravager x5  
  109  8:17  Ravager  
  115  8:39  Roach x3  
  115  8:40  Roach x6  
  133  8:48  Pneumatized Carapace, Queen  
  93  9:04  Roach x5  
  93  9:05  Roach  
  102  9:14  Roach  
  102  9:15  Roach x2  
  106  9:23  Roach  
  112  9:24  Roach x2  
  108  9:33  Hydralisk  
  108  9:34  Zergling x8  
  111  9:47  Hydralisk x4  
Show
View Real Time Build Order
Export as new Build Order

EZWarlordz Protoss 

Build Orders:  

Get SALT Encoding   

  12  0:01  Probe  
  13  0:16  Pylon  
  13  0:19  Probe  
  14  0:34  Probe (Chrono Boost)  
  15  0:45  Probe (Chrono Boost)  
  16  0:51  Probe (Chrono Boost)  
  17  1:03  Probe (Chrono Boost)  
  18  1:06  Nexus  
  18  1:15  Probe (Chrono Boost)  
  19  1:20  Gateway  
  19  1:23  Probe (Chrono Boost)  
  20  1:34  Pylon  
  20  1:36  Probe  
  21  1:40  Assimilator  
  21  1:43  Assimilator  
  21  1:48  Probe (Chrono Boost)  
  22  1:59  Probe (Chrono Boost)  
  23  2:05  Probe  
  23  2:08  Cybernetics Core, Zealot  
  26  2:21  Probe  
  26  2:22  Probe  
  28  2:34  Probe x2  
  29  2:45  Adept  
  29  2:46  Probe x2 (Chrono Boost), Warp Gate  
  33  2:56  Pylon  
  33  2:58  Probe (Chrono Boost)  
  36  3:00  Mothership Core (Chrono Boost)  
  36  3:08  Probe  
  36  3:10  Assimilator  
  36  3:12  Pylon  
  37  3:14  Probe  
  38  3:20  Probe  
  38  3:26  Stargate  
  39  3:33  Probe x2  
  41  3:40  Forge  
  41  3:43  Pylon  
  41  3:45  Gateway  
  41  3:46  Gateway  
  41  3:48  Probe  
  41  3:49  Probe  
  43  3:57  Gateway  
  43  4:05  Pylon  
  43  4:08  Gateway  
  43  4:09  Oracle (Chrono Boost)  
  46  4:15  Protoss Ground Weapons Level 1 (Chrono Boost)  
  46  4:17  Probe  
  47  4:38  Oracle (Chrono Boost)  
  41  4:51  Probe x2 (Chrono Boost)  
  42  5:03  Probe x2 (Chrono Boost)  
  42  5:07  Photon Cannon  
  44  5:08  Photon Cannon  
  44  5:10  Probe x2 (Chrono Boost), Oracle (Chrono Boost)  
  49  5:20  Probe  
  48  5:29  Probe  
  48  5:32  Probe  
  50  5:40  Photon Cannon  
  50  5:42  Probe (Chrono Boost)  
  51  5:44  Probe (Chrono Boost), Adept x2  
  56  5:54  Probe (Chrono Boost)  
  56  5:55  Probe (Chrono Boost)  
  58  5:57  Adept x2  
  58  6:00  Probe (Chrono Boost)  
  58  6:01  Probe (Chrono Boost)  
  64  6:06  Oracle (Chrono Boost)  
  64  6:09  Pylon  
  67  6:14  Stalker  
  67  6:15  Stalker  
  71  6:19  Stalker  
  73  6:29  Stalker x2  
  77  6:34  Pylon  
  76  6:40  Adept x2  
  80  6:55  Stalker x3  
  82  7:14  Adept x2  
  76  7:35  Oracle (Chrono Boost)  
  75  7:41  Assimilator  
  67  7:48  Adept  
  67  7:49  Adept x3  
  73  7:56  Nexus  
  73  7:57  Pylon  
  73  8:03  Gateway  
  73  8:06  Gateway  
  73  8:07  Gateway  
  73  8:09  Pylon  
  73  8:10  Oracle (Chrono Boost)  
  73  8:11  Pylon  
  76  8:15  Pylon  
  76  8:19  Adept x2  
  80  8:27  Adept x2  
  84  8:35  Adept  
  82  8:49  Adept x4  
  47  9:13  Stalker x5  
  47  9:14  Zealot x2  
  47  9:15  Zealot  
  49  9:41  Zealot x3  
  49  9:43  Zealot x2  
  57  10:01  Zealot x2  
  57  10:02  Zealot  

Tags
 
Add a new tag
Caveats
  • Supply blocks, unpowered buildings, or Contaminate may cause inaccurate times.
  • Supply counts are checked every 10 seconds.